TOP OF THE 1ST |
South Bend Cubs batting - Pitching for Kane County Cougars : RHP Kevin Prior
|
Pitching: RHP Kevin Prior
|
|
Batting: RHB Mike Savage
|
0-0: Called Strike 0-1: Ground out 3-1 (Groundball, 34, EV 75.6 MPH)
|
Batting: LHB Mark Huey
|
0-0: Called Strike 0-1: Foul Ball, location: 2F 0-2: Foul Ball, location: 2F 0-2: Ball 1-2: Ball 2-2: Ball 3-2: Foul Ball, location: 2F 3-2: Base on Balls
|
Batting: RHB Jose Balderrama
|
0-0: Ball 1-0: Ball 2-0: Ball 3-0: Called Strike 3-1: Base on Balls Mark Huey to second
|
Batting: LHB Angel Oropeza
|
0-0: Ball 1-0: Called Strike 1-1: Swinging Strike 1-2: Grounds into double play, 4-6-3 (Groundball, 4, EV 86.9 MPH)
|
Top of the 1st over - 0 runs, 0 hits, 0 errors, 1 left on base; South Bend 0 - Kane County 0 |
BOTTOM OF THE 1ST |
Kane County Cougars batting - Pitching for South Bend Cubs : RHP Nicolai Volnov
|
Pitching: RHP Nicolai Volnov
|
|
Batting: LHB Omar Marquez
|
0-0: Ball 1-0: Ball 2-0: Called Strike 2-1: Ball 3-1: Ground out 6-3 (Groundball, 6, EV 101.9 MPH)
|
Batting: RHB Ernesto Zamora
|
0-0: Called Strike 0-1: Ball 1-1: Swinging Strike 1-2: Strikes out swinging
|
Batting: RHB Chad Mendoza
|
0-0: Ball 1-0: Ball 2-0: Ball 3-0: Called Strike 3-1: Swinging Strike 3-2: Foul Ball, location: 2F 3-2: SINGLE (Groundball, 6MD, EV 96.9 MPH)
|
Batting: RHB Steve Machol
|
0-0: Called Strike 0-1: Ball 1-1: Fly out, F7 (Flyball, 78D, EV 85.0 MPH)
|
Bottom of the 1st over - 0 runs, 1 hit, 0 errors, 1 left on base; South Bend 0 - Kane County 0 |
TOP OF THE 2ND |
South Bend Cubs batting - Pitching for Kane County Cougars : RHP Kevin Prior
|
Batting: SHB Gabriel Cruz
|
0-0: Ball 1-0: Ball 2-0: Called Strike 2-1: Ball 3-1: Called Strike 3-2: Fly out, F9 (Flyball, 9, EV 93.8 MPH)
|
Batting: LHB Kwang-chih Men
|
0-0: SINGLE (Groundball, 4MD, EV 101.2 MPH)
|
Batting: RHB Ricardo Aguinaga
|
0-0: Called Strike 0-1: Swinging Strike 0-2: Ball 1-2: Ball 2-2: Reached on error, E5 (Groundball, 56, EV 99.4 MPH) Kwang-chih Men to second
|
Batting: LHB Wing-tat Tai
|
0-0: Ball 1-0: Ball 2-0: Foul Ball, location: 2F 2-1: Ball 3-1: DOUBLE (Line Drive, 5D, EV 96.2 MPH) Kwang-chih Men scores Ricardo Aguinaga to third
|
Batting: LHB Adam Conover
|
0-0: Ball 1-0: Swinging Strike 1-1: Ball 2-1: Ball 3-1: Base on Balls
|
Batting: RHB Mike Savage
|
0-0: Ball 1-0: Ball 2-0: Ball 3-0: Base on Balls Ricardo Aguinaga scores Wing-tat Tai to third Adam Conover to second
|
Batting: LHB Mark Huey
|
0-0: Ball 1-0: SINGLE (Line Drive, 78M, EV 87.5 MPH) Wing-tat Tai scores Adam Conover to third Mike Savage to second Runner from 3rd tries for Home, throw by LF and OUT! 7-2
|
Batting: RHB Jose Balderrama
|
0-0: Fly out, F3 (Popup, 23F, EV 90.6 MPH)
|
Top of the 2nd over - 3 runs, 3 hits, 1 error, 2 left on base; South Bend 3 - Kane County 0 |
BOTTOM OF THE 2ND |
Kane County Cougars batting - Pitching for South Bend Cubs : RHP Nicolai Volnov
|
Batting: RHB Sergio Manzanero
|
0-0: Ball 1-0: Foul Ball, location: 2F 1-1: Called Strike 1-2: Ball 2-2: Strikes out swinging
|
Batting: SHB Evan Armagost
|
0-0: Called Strike 0-1: Ground out 4-3 (Groundball, 4, EV 105.0 MPH)
|
Batting: LHB Jeff Harmon
|
0-0: Ball 1-0: Called Strike 1-1: Ball 2-1: Swinging Strike 2-2: Ball 3-2: Strikes out swinging
|
Bottom of the 2nd over - 0 runs, 0 hits, 0 errors, 0 left on base; South Bend 3 - Kane County 0 |
TOP OF THE 3RD |
South Bend Cubs batting - Pitching for Kane County Cougars : RHP Kevin Prior
|
Batting: LHB Angel Oropeza
|
0-0: Ball 1-0: Called Strike 1-1: Foul Ball, location: 2F 1-2: Fly out, F9 (Flyball, 9D, EV 95.0 MPH)
|
Batting: SHB Gabriel Cruz
|
0-0: Ball 1-0: Ball 2-0: Called Strike 2-1: Swinging Strike 2-2: Ball 3-2: Base on Balls
|
Batting: LHB Kwang-chih Men
|
0-0: Ball 1-0: Ball 2-0: Swinging Strike Passed Ball! Gabriel Cruz to second 2-1: SINGLE (Groundball, 34D, EV 104.4 MPH) Gabriel Cruz to third Runner from 3rd tries for Home, SAFE, throw by RF to home Kwang-chih Men to second
|
Batting: RHB Ricardo Aguinaga
|
0-0: Swinging Strike 0-1: Foul Ball, location: 2F 0-2: Ball 1-2: SINGLE (Flyball, 89S, EV 91.2 MPH) Kwang-chih Men to third Runner from 3rd tries for Home, SAFE, throw by RF to home
|
Pitching: RHP Shigezo Shoji
|
|
Batting: LHB Wing-tat Tai
|
0-0: Ball Ricardo Aguinaga steals 2nd base 1-0: Foul Ball, location: 2F 1-1: Swinging Strike 1-2: Ball 2-2: Ball 3-2: Strikes out swinging
|
Batting: LHB Adam Conover
|
0-0: Swinging Strike 0-1: Ball 1-1: Fly out, F9 (Flyball, 9, EV 85.6 MPH)
|
Top of the 3rd over - 2 runs, 2 hits, 0 errors, 1 left on base; South Bend 5 - Kane County 0 |
BOTTOM OF THE 3RD |
Kane County Cougars batting - Pitching for South Bend Cubs : RHP Nicolai Volnov
|
Batting: LHB Enrique Ponce
|
0-0: Ground out U3 (Groundball, 3, EV 85.6 MPH)
|
Batting: LHB Tae-geun Kwang
|
0-0: Ball 1-0: Swinging Strike 1-1: Ground out 1-3 (Groundball, 13S, EV 69.4 MPH)
|
Batting: LHB Omar Marquez
|
0-0: Foul Ball, location: 2F 0-1: Ball 1-1: Ball 2-1: Ground out 4-3 (Groundball, 4, EV 106.9 MPH)
|
Bottom of the 3rd over - 0 runs, 0 hits, 0 errors, 0 left on base; South Bend 5 - Kane County 0 |
TOP OF THE 4TH |
South Bend Cubs batting - Pitching for Kane County Cougars : RHP Shigezo Shoji
|
Batting: RHB Mike Savage
|
0-0: Ball 1-0: Swinging Strike 1-1: Foul Ball, location: 2F 1-2: Ball 2-2: Ball 3-2: Fly out, F7 (Flyball, 78M, EV 90.6 MPH)
|
Batting: LHB Mark Huey
|
0-0: Ball 1-0: Ball 2-0: Reached on error, E5 (Groundball, 25, EV 87.5 MPH)
|
Batting: RHB Jose Balderrama
|
0-0: Ball 1-0: Ball 2-0: Ball Mark Huey steals 2nd base 3-0: Base on Balls
|
Batting: LHB Angel Oropeza
|
0-0: Ball Mark Huey is caught stealing 3rd base 2-5 1-0: Called Strike 1-1: Ball 2-1: Ball 3-1: Base on Balls Jose Balderrama to second
|
Batting: SHB Gabriel Cruz
|
0-0: Called Strike 0-1: Ball 1-1: Swinging Strike 1-2: Strikes out swinging
|
Top of the 4th over - 0 runs, 0 hits, 1 error, 2 left on base; South Bend 5 - Kane County 0 |
BOTTOM OF THE 4TH |
Kane County Cougars batting - Pitching for South Bend Cubs : RHP Nicolai Volnov
|
Batting: RHB Ernesto Zamora
|
0-0: Called Strike 0-1: Foul Ball, location: 2F 0-2: Strikes out swinging
|
Batting: RHB Chad Mendoza
|
0-0: Ball 1-0: Ground out 5-3 (Groundball, 56, EV 86.9 MPH)
|
Batting: RHB Steve Machol
|
0-0: Called Strike 0-1: SOLO HOME RUN (Flyball, 9D, EV 96.9 MPH), Distance : 373 ft
|
Batting: RHB Sergio Manzanero
|
0-0: Ball 1-0: Swinging Strike 1-1: Called Strike 1-2: Ball 2-2: Strikes out swinging
|
Bottom of the 4th over - 1 run, 1 hit, 0 errors, 0 left on base; South Bend 5 - Kane County 1 |
TOP OF THE 5TH |
South Bend Cubs batting - Pitching for Kane County Cougars : RHP Shigezo Shoji
|
Batting: LHB Kwang-chih Men
|
0-0: Called Strike 0-1: Ground out 3-1 (Groundball, 34, EV 101.9 MPH)
|
Batting: RHB Ricardo Aguinaga
|
0-0: Ball 1-0: Ball 2-0: Swinging Strike 2-1: Reached on error, E4 (Groundball, 4, EV 82.5 MPH)
|
Batting: LHB Wing-tat Tai
|
0-0: Ball 1-0: Swinging Strike 1-1: Fielders Choice at 2nd, 4-6 (Groundball, 34, EV 91.9 MPH)
|
Batting: LHB Adam Conover
|
0-0: Ball 1-0: Ball 2-0: Ball 3-0: Base on Balls Wing-tat Tai to second
|
Pitching: RHP Tom Reed
|
|
Batting: RHB Mike Savage
|
0-0: Hit by Pitch Wing-tat Tai to third Adam Conover to second
|
Batting: LHB Mark Huey
|
0-0: Ball 1-0: Foul Ball, location: 2F 1-1: Called Strike 1-2: Ground out 4-3 (Groundball, 4, EV 86.9 MPH)
|
Top of the 5th over - 0 runs, 0 hits, 1 error, 3 left on base; South Bend 5 - Kane County 1 |
BOTTOM OF THE 5TH |
Kane County Cougars batting - Pitching for South Bend Cubs : RHP Nicolai Volnov
|
Batting: SHB Evan Armagost
|
0-0: Ball 1-0: Called Strike 1-1: Ground out 6-3 (Groundball, 6M, EV 105.0 MPH)
|
Batting: LHB Jeff Harmon
|
0-0: Ball 1-0: Foul Ball, location: 2F 1-1: Foul Ball, location: 2F 1-2: Strikes out swinging
|
Batting: LHB Enrique Ponce
|
0-0: Swinging Strike 0-1: Ball 1-1: Swinging Strike 1-2: Strikes out swinging
|
Bottom of the 5th over - 0 runs, 0 hits, 0 errors, 0 left on base; South Bend 5 - Kane County 1 |
TOP OF THE 6TH |
South Bend Cubs batting - Pitching for Kane County Cougars : RHP Tom Reed
|
Batting: RHB Jose Balderrama
|
0-0: Ball 1-0: Ball 2-0: Ball 3-0: Called Strike 3-1: SINGLE (Groundball, 56, EV 95.0 MPH)
|
Batting: LHB Angel Oropeza
|
0-0: Ball 1-0: Ball 2-0: Ball 3-0: Called Strike 3-1: Called Strike 3-2: Foul Ball, location: 2F 3-2: Strikes out looking Jose Balderrama steals 2nd base Batter strikes out.
|
Batting: SHB Gabriel Cruz
|
0-0: Ball Wild Pitch! Jose Balderrama to third 1-0: Ball 2-0: Foul Ball, location: 2F 2-1: Foul Ball, location: 2F 2-2: Strikes out swinging
|
Batting: LHB Kwang-chih Men
|
0-0: Ball 1-0: Foul Ball, location: 2F 1-1: Called Strike 1-2: Ball 2-2: Strikes out swinging, 2-3 out at first.
|
Top of the 6th over - 0 runs, 1 hit, 0 errors, 1 left on base; South Bend 5 - Kane County 1 |
BOTTOM OF THE 6TH |
Kane County Cougars batting - Pitching for South Bend Cubs : RHP Nicolai Volnov
|
Batting: LHB Tae-geun Kwang
|
0-0: Ball 1-0: Called Strike 1-1: Swinging Strike 1-2: Strikes out swinging
|
Batting: LHB Omar Marquez
|
0-0: Ball 1-0: Swinging Strike 1-1: Foul Ball, location: 2F 1-2: Ball 2-2: Foul Ball, location: 2F 2-2: Ball 3-2: Base on Balls
|
Batting: RHB Ernesto Zamora
|
0-0: SINGLE (Groundball, 56S, EV 70.6 MPH) (infield hit) Omar Marquez to second
|
Batting: RHB Chad Mendoza
|
0-0: Swinging Strike 0-1: Ball 1-1: Called Strike 1-2: SINGLE (Groundball, 6MD, EV 100.6 MPH) Omar Marquez to third Ernesto Zamora to second Runner from 3rd tries for Home, SAFE, throw by CF to home
|
Batting: RHB Steve Machol
|
0-0: Fly out, F8 (Flyball, 8LD, EV 75.0 MPH)
|
Batting: RHB Sergio Manzanero
|
0-0: Called Strike 0-1: Fielders Choice at 2nd, U4 (Groundball, 4M, EV 88.1 MPH)
|
Bottom of the 6th over - 1 run, 2 hits, 0 errors, 2 left on base; South Bend 5 - Kane County 2 |
TOP OF THE 7TH |
South Bend Cubs batting - Pitching for Kane County Cougars : RHP Tom Reed
|
Pitching: RHP Cortez Mendiola
|
|
Batting: RHB Ricardo Aguinaga
|
0-0: Called Strike 0-1: Ball 1-1: Swinging Strike 1-2: Foul Ball, location: 2F 1-2: SINGLE (Groundball, 56S, EV 66.9 MPH) (infield hit)
|
Batting: LHB Wing-tat Tai
|
0-0: Called Strike Ricardo Aguinaga is caught stealing 2nd base 2-6 0-1: Ball 1-1: Ball 2-1: Swinging Strike 2-2: Ground out 1-3 (Groundball, 13S, EV 64.4 MPH)
|
Batting: LHB Adam Conover
|
0-0: Ball 1-0: Called Strike 1-1: SINGLE (Groundball, 34D, EV 94.4 MPH)
|
Batting: RHB Mike Savage
|
0-0: Ball 1-0: Ball 2-0: Foul Ball, location: 2F Balk! Adam Conover to second 2-1: Ball 3-1: SINGLE (Groundball, 25, EV 70.6 MPH) (infield hit) Adam Conover to third
|
Batting: LHB Mark Huey
|
0-0: Foul Ball, location: 2F 0-1: SINGLE (Groundball, 4MD, EV 100.6 MPH) Adam Conover scores Mike Savage to second Runner from 2nd tries for 3rd, SAFE, no throw by CF
|
Batting: RHB Jose Balderrama
|
0-0: Ball 1-0: Fly out, F4 (Popup, 4MD, EV 53.1 MPH)
|
Top of the 7th over - 1 run, 4 hits, 0 errors, 2 left on base; South Bend 6 - Kane County 2 |
BOTTOM OF THE 7TH |
Kane County Cougars batting - Pitching for South Bend Cubs : RHP Nicolai Volnov
|
Batting: SHB Evan Armagost
|
0-0: Foul Ball, location: 2F 0-1: Foul Ball, location: 2F 0-2: Foul Ball, location: 2F 0-2: Ball 1-2: Foul Ball, location: 2F 1-2: Strikes out swinging
|
Batting: LHB Jeff Harmon
|
0-0: Fly out, F7 (Flyball, 7D, EV 82.5 MPH)
|
Batting: LHB Enrique Ponce
|
0-0: Foul Ball, location: 2F 0-1: Swinging Strike 0-2: Foul Ball, location: 2F 0-2: Strikes out swinging
|
Bottom of the 7th over - 0 runs, 0 hits, 0 errors, 0 left on base; South Bend 6 - Kane County 2 |
TOP OF THE 8TH |
South Bend Cubs batting - Pitching for Kane County Cougars : RHP Cortez Mendiola
|
Pitching: RHP John Petersen
|
|
Batting: LHB Angel Oropeza
|
0-0: Ball 1-0: Called Strike 1-1: Ball 2-1: Fly out, F8 (Flyball, 8RXD, EV 99.4 MPH)
|
Batting: SHB Gabriel Cruz
|
0-0: Foul Ball, location: 2F 0-1: Fly out, F7 (Flyball, 7LM, EV 85.0 MPH)
|
Batting: LHB Kwang-chih Men
|
0-0: Ball 1-0: Called Strike 1-1: Ball 2-1: SINGLE (Groundball, 34S, EV 74.4 MPH) (infield hit)
|
Batting: RHB Ricardo Aguinaga
|
0-0: Ground out 4-3 (Groundball, 34, EV 75.6 MPH)
|
Top of the 8th over - 0 runs, 1 hit, 0 errors, 1 left on base; South Bend 6 - Kane County 2 |
BOTTOM OF THE 8TH |
Kane County Cougars batting - Pitching for South Bend Cubs : RHP Nicolai Volnov
|
Batting: LHB Tae-geun Kwang
|
0-0: Swinging Strike 0-1: Ball 1-1: Ball 2-1: Called Strike 2-2: Ground out 6-3 (Groundball, 6, EV 102.5 MPH)
|
Batting: LHB Omar Marquez
|
0-0: SINGLE (Line Drive, 7LS, EV 86.2 MPH)
|
Batting: RHB Ernesto Zamora
|
0-0: Ball 1-0: Ball 2-0: Called Strike 2-1: Foul Ball, location: 2F 2-2: Strikes out swinging
|
Pitching: RHP Jose Marrero
|
|
Batting: RHB Chad Mendoza
|
0-0: Ball 1-0: Ball 2-0: Called Strike 2-1: Foul Ball, location: 2F 2-2: Foul Ball, location: 2F 2-2: Ball 3-2: SINGLE (Groundball, 6MD, EV 108.8 MPH) Omar Marquez to second Omar Marquez to third
|
Batting: RHB Steve Machol
|
0-0: Fly out, F7 (Line Drive, 7, EV 102.5 MPH)
|
Bottom of the 8th over - 0 runs, 2 hits, 0 errors, 2 left on base; South Bend 6 - Kane County 2 |
TOP OF THE 9TH |
South Bend Cubs batting - Pitching for Kane County Cougars : RHP John Petersen
|
Pitching: RHP Tom Alatas
|
|
Batting: LHB Wing-tat Tai
|
0-0: Ball 1-0: Called Strike 1-1: Foul Ball, location: 2F 1-2: Strikes out looking
|
Batting: LHB Adam Conover
|
0-0: Ball 1-0: Ground out U3 (Groundball, 34, EV 81.2 MPH)
|
Batting: RHB Mike Savage
|
0-0: Called Strike 0-1: Called Strike 0-2: Ball 1-2: Ball 2-2: Strikes out swinging
|
Top of the 9th over - 0 runs, 0 hits, 0 errors, 0 left on base; South Bend 6 - Kane County 2 |
BOTTOM OF THE 9TH |
Kane County Cougars batting - Pitching for South Bend Cubs : RHP Jose Marrero
|
Batting: RHB Sergio Manzanero
|
0-0: Ball 1-0: Called Strike 1-1: Swinging Strike 1-2: Strikes out swinging
|
Batting: SHB Evan Armagost
|
0-0: Ball 1-0: Called Strike 1-1: Swinging Strike 1-2: Foul Ball, location: 2F 1-2: Foul Ball, location: 2F 1-2: Fly out, F7 (Flyball, 78M, EV 88.1 MPH)
|
Batting: LHB Jeff Harmon
|
0-0: Called Strike 0-1: Called Strike 0-2: Ball 1-2: Foul Ball, location: 2F 1-2: Ball 2-2: Strikes out looking
|
Bottom of the 9th over - 0 runs, 0 hits, 0 errors, 0 left on base; South Bend 6 - Kane County 2 |
|